 Dungeon Crawl Stone Soup version 0.29-a0-791-ga0f254aafb (webtiles) character file.

Game seed: 5363214766656058749

157 Malachi the Trooper (level 5, -2/66 HPs)
             Began as a Demonspawn Brigand on July 3, 2022.
             Killed from afar by Ijyb (5 damage)
             ... with a bolt of acid
             ... on level 3 of the Dungeon.
             The game lasted 00:02:41 (2751 turns).

Malachi the Trooper (Demonspawn Brigand)            Turns: 2751, Time: 00:02:42

Health: -2/66      AC:  2    Str: 12    XL:     5   Next: 15%
Magic:  5/5        EV: 11    Int: 12    God:
Gold:   60         SH:  4    Dex: 16    Spells: 4/4 levels left

rFire   . . .      SeeInvis .   a - +2 dagger
rCold   . . .      Faith    .   (no shield)
rNeg    . . .      Spirit   .   b - +0 robe
rPois   .          Reflect  .   (no helmet)
rElec   .          Harm     .   c - +0 cloak
rCorr   +          Rampage  .   r - +0 pair of gloves
Will    .....                   (no boots)
Stlth   ..........              (no amulet)
HPRegen 0.21/turn               f - ring of resist corrosion
MPRegen 0.09/turn               (no ring)

@: berserking, corroded, very quick
A: thin metallic scales 1, powered by death 1, condensation shield
a: no special abilities


You were on level 3 of the Dungeon.
You visited 1 branch of the dungeon, and saw 3 of its levels.

You collected 108 gold pieces.
You spent 48 gold pieces at shops.

Inventory:

Hand Weapons
 a - a +2 dagger (weapon)
Missiles
 d - 20 poisoned darts (quivered)
 e - 3 curare-tipped darts
 o - a throwing net
Armour
 b - a +0 robe (worn)
 c - a +0 cloak (worn)
 r - a +0 pair of gloves (worn)
Jewellery
 f - a ring of resist corrosion (left hand)
Wands
 j - a wand of paralysis (10)
Scrolls
 g - 2 scrolls of teleportation
 l - 4 scrolls of poison
 m - 3 scrolls of amnesia
 n - 2 scrolls of fog {unknown}
 q - a scroll of silence {unknown}
Potions
 i - 2 potions of mutation {unknown}
 k - 2 potions of brilliance {unknown}
 p - 3 potions of heal wounds {unknown}


   Skills:
 * Level 5.2 Fighting
 - Level 1.7 Short Blades
 - Level 1.7 Throwing
 - Level 0.8 Dodging
 - Level 3.6 Stealth
 + Level 1.1 Shields


You had 4 spell levels left.
You didn't know any spells.
Your spell library contained the following spells:

 Spells                   Type           Power      Damage    Failure   Level
 Tukima's Dance           Hex            0%         N/A       69%         3
 Passage of Golubria      Tloc           0%         N/A       97%         4
 Yara's Violent Unravell  Hex/Tmut       0%         3d3       100%        5


Dungeon Overview and Level Annotations

Branches:
Dungeon (3/15)

Altars:

Shops:
D:1 !   D:2 *

Annotations:
D:3 Ijyb


Innate Abilities, Weirdness & Mutations

You are partially covered in thin metallic scales. (AC +2)
You regenerate a little health from kills.
A meltable shield of frost defends you. (SH +4)


Message History

Ijyb hits you with a +0 club.
You hit Ijyb.
Ijyb is heavily wounded.
Ijyb barely misses you.
You hit Ijyb but do no damage.
Ijyb is heavily wounded.
Ijyb hits you but does no damage.
You barely miss Ijyb.
Ijyb is heavily wounded.
Ijyb hits you but does no damage.
You barely miss Ijyb.
Ijyb is heavily wounded.
Ijyb hits you with a +0 club.
You hit Ijyb but do no damage.
Ijyb is heavily wounded.
Ijyb hits you but does no damage.
You hit Ijyb.
Ijyb is heavily wounded.
Ijyb zaps a wand.
The bolt of acid hits you. You resist.
* * * LOW HITPOINT WARNING * * *
You barely miss Ijyb.
Ijyb is heavily wounded.
You block Ijyb's attack.
You hit Ijyb but do no damage.
Ijyb is heavily wounded.
Ijyb zaps a wand.
The bolt of acid misses you.
You hit Ijyb.
Ijyb is severely wounded.
Ijyb zaps a wand.
The bolt of acid hits you! You resist.
* * * LOW HITPOINT WARNING * * *
The acid corrodes you!
You hit Ijyb.
Ijyb is severely wounded.
Ijyb hits you with a +0 club.
* * * LOW HITPOINT WARNING * * *
It was a potion of berserk rage.
A red film seems to cover your vision as you go berserk!
You feel yourself moving faster!
You feel mighty!
Ijyb zaps a wand.
The bolt of acid hits you. You resist.
You die...

#.. . ..
##..####.####.## #
#....#.#.#..#..##.#
#..........?#.....
..###.###..#..# ##
#...#...##..# #..
#...#...#...# .#
..###..#...#..###..#
#...#..###..#@..#
#...#...#...#g..#
#...##..#...#...#
###.###..#..###.###..
.........#........
..#
###.###..#..###.###
.## #...##..#...#
..##.#
#.รท.#...#...#...#..#
#...#..###..#. .#..#


You could see Ijyb.

Vanquished Creatures
  A necrophage (D:3)
  5 adders (D:2)
  A worm (D:2)
  2 dart slugs
  5 ball pythons
  6 endoplasms
  4 giant cockroaches
  4 goblins
  2 hobgoblins
  2 quokkas
  5 bats
  3 frilled lizards
  4 kobolds
  6 rats
50 creatures vanquished.

Notes
Turn   | Place    | Note
-------+----------+-------------------------------------------
     0 | D:1      | Malachi the Demonspawn Brigand began the quest for the Orb.
     0 | D:1      | Reached XP level 1. HP: 16/16 MP: 1/1
    24 | D:1      | Found Zitoehuu's Distillery.
   124 | D:1      | Found a faded altar of an unknown god.
   134 | D:1      | Gained mutation: A meltable shield of frost defends you.
                  | (SH +4) [demonic ancestry]
   134 | D:1      | Reached XP level 2. HP: 17/23 MP: 2/2
   356 | D:1      | Reached skill level 3 in Fighting
   831 | D:1      | Reached XP level 3. HP: 27/29 MP: 3/3
  1393 | D:2      | Reached skill level 4 in Fighting
  1443 | D:2      | Found Tidwyiqe's Assorted Antiques.
  1470 | D:2      | Bought a scroll labelled JESTUU GIRUAF for 24 gold pieces
  1470 | D:2      | Bought a scroll labelled BYIPNI VOXEW for 24 gold pieces
  1595 | D:2      | Gained mutation: You regenerate a little health from kills.
                  | [demonic ancestry]
  1595 | D:2      | Reached XP level 4. HP: 37/37 MP: 4/4
  2274 | D:3      | Noticed a necrophage
  2298 | D:3      | Killed a necrophage
  2299 | D:3      | Reached skill level 5 in Fighting
  2299 | D:3      | Reached skill level 1 in Shields
  2299 | D:3      | Gained mutation: You are partially covered in thin metallic
                  | scales. (AC +2) [demonic ancestry]
  2299 | D:3      | Reached XP level 5. HP: 10/44 MP: 5/5
  2723 | D:3      | Noticed Ijyb
  2750 | D:3      | HP: 2/44 [Ijyb/+0 club (4)]
  2751 | D:3      | Killed from afar by Ijyb

Illustrated notes

Levels and vault maps discovered:
D:1:      dpeg_arrival_pits, layout_loops_ring,
          nicolae_ecumenical_snake_handling, serial_shops, shop_statue,
          serial_park_tiny_2, minmay_hexomino_p4
D:2:      layout_loops_ring, basic_altar, serial_shops, nicolae_square_shop
D:3:      layout_basic, mainiacjoe_overflow_alcove_2, nicolae_titane, uniq_ijyb,
          uniq_jessica

Skill      XL: |  1  2  3  4 |
---------------+-------------+-----
Fighting       | 3 4 5 |  5.2
Shields        | 1 |  1.1
Short Blades   | |  1.7
Throwing       | |  1.7
Dodging        | |  0.8
Stealth        | |  3.6

Action                   |  1- 3 |  4- 6 || total
-------------------------+-------+-------++-------
Melee: Dagger            |   120 |    66 ||   186
       Punch             |     1 |     1 ||     2
  Use: Scroll            |     3 |     1 ||     4
       Potion            |       |     1 ||     1
 Stab: Sleeping          |     9 |     3 ||    12
Armor: Robe              |    21 |     8 ||    29
Dodge: Dodged            |    55 |    21 ||    76
Block: Other             |    14 |     5 ||    19

Table legend: (Time is in decaauts)
 A = Elapsed time spent in this place.
 B = Non-inter-level travel time spent in this place.
 C = Inter-level travel time spent in this place.
 D = Time resting spent in this place.
 E = Time spent auto-exploring this place.
 F = Levels seen in this place.
 G = Mean time per level.
                   A        B        C        D        E       F      G
               +--------+--------+--------+--------+--------+-----+--------+
         Total |   2734 |   2694 |     40 |    412 |   1871 |   3 |  911.3 |
       Dungeon |   2734 |   2694 |     40 |    412 |   1871 |   3 |  911.3 |
               +--------+--------+--------+--------+--------+-----+--------+

Top non-repeatable levels by time:
     D:1: 1259 daAuts
     D:2: 914 daAuts
     D:3: 560 daAuts
